AoeStats
← subutai

Hideout

508736743Analyzed
1v1 RM · 7d ago on Sep 23, 2026· 35m 55s· 2 players
Game mode
Random Map
Map size
Tiny (2 player)
Population
200
Speed
Normal
Resources
Standard
Victory
Conquest
Starting age
Dark Age
Ending age
Imperial Age
RankedLock teamsTeams togetherTeam positionsShared explorationLock speedFull tech treeHidden civsTurbo modeCheats
Victory
Defeat
🇺🇸 Varangians · United States
1071
+14
🇺🇸 Teutons · United States
1036
-14
subutai
7:59 Loom
10:27 Feudal Age
11:08 Double-Bit Axe
11:12 Horse Collar
17:03 Castle Age
16:27 Bloodlines
17:22 Forging
18:39 Bow Saw
23:08 Wheelbarrow
22:55 Scale Mail Armor
23:03 Scale Barding Armor
23:38 Town Watch
28:12 Heavy Plow
28:56 Scale Mail Armor
29:18 Husbandry
31:08 Iron Casting
30:38 Squires
31:56 Gold Mining
32:36 Hand Cart
34:54 Imperial Age
32:59 Arson
33:58 Chain Mail Armor
36:10 Conscription
straker
5:39 Loom
12:55 Feudal Age
16:50 Castle Age
15:35 Double-Bit Axe
17:34 Wheelbarrow
16:40 Horse Collar
18:43 Bow Saw
21:17 Scale Barding Armor
21:26 Stone Mining
22:24 Bloodlines
26:58 Stone Shaft Mining
28:19 Hand Cart
30:22 Forging
30:31 Gold Mining
35:41 Fletching
Connection lost

Rejoining the realm…

Still unreachable

The connection could not be restored.

Session expired

The server has moved on; the page needs a fresh start.